 Dungeon Crawl Stone Soup version 0.29.0-15-g675c0067aa (webtiles) character file.

Game seed: 1525166967742009193

65 qw the Chopper (level 4, 0/28 HPs)
             Began as a Gargoyle Fighter on Sept 12, 2022.
             Killed from afar by Sigmund (1 damage)
             ... with a puff of flame
             ... on level 2 of the Dungeon.
             The game lasted 00:00:38 (1800 turns).

qw the Chopper (Gargoyle Fighter)                   Turns: 1800, Time: 00:00:38

Health: 0/28       AC: 12    Str: 21    XL:     4   Next: 13%
Magic:  4/4        EV:  7    Int:  9    God:
Gold:   60         SH:  4    Dex:  9    Spells: 3/3 levels left

rFire   . . .      SeeInvis .   Y - +0 war axe
rCold   . . .      Faith    .   c - +0 buckler
rNeg    + + .      Spirit   .   p - +0 chain mail
rPois   inf        Reflect  .   b - +0 hat of the Old World {rN+}
rElec   +          Harm     .   (no cloak)
rCorr   .          Rampage  .   (no gloves)
Will    +....                   (no boots)
Stlth   ..........              (no amulet)
HPRegen 0.09/turn               h - ring of willpower
MPRegen 0.09/turn               (no ring)

@: no status effects
A: sickness immunity, AC +3, negative energy resistance 1, electricity
resistance, torment resistance 1, petrification resistance
a: no special abilities


You were on level 2 of the Dungeon.
You visited 1 branch of the dungeon, and saw 2 of its levels.

You collected 60 gold pieces.


Innate Abilities, Weirdness & Mutations

You are immune to sickness and miasma.
Your stone body is resilient. (AC +3)
You are immune to poison.
You resist negative energy. (rN+)
You are resistant to electric shocks. (rElec)
You are resistant to unholy torment.
You are immune to petrification.


   Skills:
 - Level 3.2 Fighting
 + Level 3.9 Axes
 - Level 3.2 Armour
 - Level 3.2 Shields


You had 3 spell levels left.
You didn't know any spells.
Your spell library was empty.

Inventory:

Hand Weapons
 f - a +0 club
 Y - a +0 war axe (weapon)
Armour
 a - a +0 helmet
 b - the +0 hat of the Old World (worn) {rN+}
   (You acquired it on level 1 of the Dungeon)

   rN:        It protects you from negative energy.
 c - a +0 buckler (worn)
 p - a +0 chain mail (worn)
Jewellery
 h - a ring of willpower (left hand)
 i - a ring of ice
Scrolls
 g - 2 scrolls of identify
Potions
 d - 2 potions of might
 e - a potion of flight {unknown}
 k - a potion of lignification {unknown}
 m - a potion of curing
 q - a potion of degeneration {unknown}

Dungeon Overview and Level Annotations

Branches:
Dungeon (2/15)

Altars:

Shops:
D:1 =

Annotations:
D:2 Sigmund


Message History

You start resting.
Sigmund is nearby!
Sigmund hits you with a +0 scythe!
You hit Sigmund.
Sigmund is lightly wounded.
Sigmund hits you but does no damage.
You closely miss Sigmund.
Sigmund is lightly wounded.
Sigmund hits you but does no damage.
You closely miss Sigmund.
Sigmund is lightly wounded.
Sigmund hits you but does no damage.
You closely miss Sigmund.
Sigmund is lightly wounded.
You barely miss Sigmund.
Sigmund is lightly wounded.
Sigmund casts a spell.
Sigmund flickers and vanishes!
Deactivating autopickup; reactivate with Ctrl-A.
You hear some strange, mumbled words.
A magic dart appears from out of thin air!
The magic dart hits you.
You closely miss something. Something hits you.
You barely miss something. Something hits you.
You hit something. Something hits you but does no damage.
You closely miss something. Something hits you.
You slash something! You miss something. Something hits you but does no damage.
You barely miss something. Something hits you.
You miss something.
You hear some strange, mumbled words.
A puff of flame appears from out of thin air!
The puff of flame hits you.
You die...

... #.##...#####.
#.#####.......#
#.......##....#
...#.#..####<.....
#...............
###..######.####
#.........#
##<######## #@#
..._..{.....#
.}..###.###.# ..
..# ###


There were no monsters in sight!

Vanquished Creatures
  Robin (D:2)
  A dart slug (D:1)
  5 ball pythons (D:1)
  2 endoplasms (D:1)
  15 goblins (D:1)
  8 hobgoblins
  2 quokkas (D:1)
  5 bats
  2 frilled lizards (D:1)
  A kobold (D:1)
  2 rats (D:1)
44 creatures vanquished.

Notes
Turn   | Place    | Note
-------+----------+-------------------------------------------
     0 | D:1      | qw the Gargoyle Fighter began the quest for the Orb.
     0 | D:1      | Reached XP level 1. HP: 14/14 MP: 1/1
     0 | D:1      | 0 ||| qw: Version: 0.1-a-119-g272c26d
     0 | D:1      | 0 ||| qw: Game counter: 10778
     0 | D:1      | 0 ||| qw: Always use a shield: true
     0 | D:1      | 0 ||| qw: God list: Okawaru
     0 | D:1      | 0 ||| qw: Allow faded altars: false
     0 | D:1      | 0 ||| qw: Do Orc after D:15 true
     0 | D:1      | 0 ||| qw: Do second Lair branch before Depths: true
     0 | D:1      | 0 ||| qw: Lair rune preference: random
     0 | D:1      | 0 ||| qw: Plans: Normal, Zot, God:TSO, Crypt, Tomb, Pan,
                  | Slime, Hells, Zig, Abyss, Orb
     0 | D:1      | 0 ||| PLANNING D:1-11
    12 | D:1      | Found Gumi's Jewellery Emporium.
    34 | D:1      | 34 ||| SHOPLISTING amulet of Wadoh {-Cast rElec rN++ Regen+
                  | Dex+4} (782 gold, have 0).
    34 | D:1      | 34 ||| SHOPLISTING amulet of guardian spirit (420 gold,
                  | have 0).
    34 | D:1      | 34 ||| SHOPLISTING amulet of reflection (420 gold, have 0).
    34 | D:1      | 34 ||| SHOPLISTING amulet of the acrobat (420 gold, have
                  | 0).
    34 | D:1      | 34 ||| SHOPLISTING ring of fire (350 gold, have 0).
    34 | D:1      | 34 ||| SHOPLISTING ring of positive energy (280 gold, have
                  | 0).
    34 | D:1      | 34 ||| SHOPLISTING ring of protection from fire (350 gold,
                  | have 0).
   166 | D:1      | Reached XP level 2. HP: 18/19 MP: 2/2
   256 | D:1      | 256 ||| Stepping ~*~*~tactically~*~*~ (stealth).
   281 | D:1      | 281 ||| Stepping ~*~*~tactically~*~*~ (hiding).
   711 | D:1      | Reached skill level 3 in Axes
   789 | D:1      | Reached XP level 3. HP: 23/23 MP: 3/3
  1332 | D:1      | 1332 ||| UPGRADING to +0 chain mail.
  1342 | D:1      | 1342 ||| DROPPING +0 scale mail.
  1343 | D:1      | 1343 ||| UPGRADING to ring of willpower.
  1344 | D:1      | 1344 ||| READING 2 scrolls labelled TAFE YLLIOP.
  1345 | D:1      | 1345 ||| READING scroll labelled GILAIDDIKK.
  1345 | D:1      | Identified a scroll of acquirement
  1345 | D:1      | 1345 ||| ACQUIRING +0 hat of the Old World {rN+}
  1345 | D:1      | Acquired the +0 hat of the Old World {rN+}
  1347 | D:1      | 1347 ||| UPGRADING to +0 hat of the Old World {rN+}.
  1352 | D:1      | 1352 ||| READING scroll labelled ZOED XEPYPSUI.
  1353 | D:1      | 1353 ||| READING scroll labelled YQUOL JUSYATEA.
  1354 | D:1      | 1354 ||| READING scroll labelled KIYHEA YGGOPRI.
  1355 | D:1      | 1355 ||| READING scroll labelled XEH OTA IXKOU.
  1359 | D:1      | 1359 ||| DRINKING 2 sedimented amethyst potions.
  1360 | D:1      | 1360 ||| DROPPING scroll of noise.
  1378 | D:2      | 1378 ||| STAIRDANCE
  1384 | D:2      | 1384 ||| STAIRDANCE
  1384 | D:2      | Noticed Robin
  1393 | D:2      | 1393 ||| STAIRDANCE
  1423 | D:2      | 1423 ||| STAIRDANCE
  1503 | D:2      | 1503 ||| STAIRDANCE
  1645 | D:2      | 1645 ||| Stepping ~*~*~tactically~*~*~ (hiding).
  1651 | D:2      | Killed Robin
  1652 | D:2      | Reached XP level 4. HP: 28/28 MP: 4/4
  1772 | D:2      | Found a faded altar of an unknown god.
  1780 | D:2      | Noticed Sigmund
  1781 | D:2      | 1781 ||| FLEEEEING.
  1794 | D:2      | HP: 5/28 [something (6)]
  1799 | D:2      | HP: 1/28 [something (4)]
  1800 | D:2      | Killed from afar by Sigmund

Levels and vault maps discovered:
D:1:      tarquinn_simple_flora_water_e, layout_basic, serial_shops,
          nicolae_square_shop, bh_walls_and_bars
D:2:      layout_loops_ring, basic_altar, ebering_ecumenical_altar_abandoned,
          uniq_robin, uniq_sigmund

Skill      XL: |  1  2 |
---------------+-------+-----
Axes           | 2 3 |  3.9
Fighting       | |  3.2
Armour         | |  3.2
Shields        | |  3.2

Action                   |  1- 3 |  4- 6 || total
-------------------------+-------+-------++-------
Melee: War axe           |    96 |    18 ||   114
  Use: Scroll            |     6 |       ||     6
       Potion            |     1 |       ||     1
Armor: Scale mail        |    27 |       ||    27
       Chain mail        |    32 |     8 ||    40
Dodge: Dodged            |    49 |     2 ||    51
Block: Buckler           |    20 |       ||    20

Table legend:
 A = Non-vault XP
 B = Vault XP
 C = Vault XP percentage of total XP
 D = Non-vault monster count
 E = Vault monster count
 F = Vault count percentage of total count
                 A         B        C        D         E       F
            +---------+---------+-------+---------+---------+-------
      Total |      56 |      37 |  39.8 |      32 |      12 |  27.3
            +---------+---------+-------+---------+---------+-------
        D:1 |      53 |      20 |  27.4 |      30 |      10 |  25.0
        D:2 |       3 |      17 |  85.0 |       2 |       2 |  50.0
            +---------+---------+-------+---------+---------+-------
